Unix NetHack Version 3.7.0-66 Work-in-progress - last build Dec 5 2022 03:26:57 (dbea811729ade750c4c0c7f8ab6145c62533a6e7,branch:master). Game began 2022-12-09 08:12:20, ended 2022-12-09 08:19:16. elenmirie, neutral female gnomish Ranger --------------- -------- |.............| |....... |.......{.....| |......| -------------# -------- |.............| |......+ ##............|####-(..%..| ##..............| |@..>..| #|............# |......| # -.--.---------- |.rd)...#####|..........{|# |..{...| # # --|----- ###............| ------|- ## # ## ## |...........| ### # # # # -.----------- ## ## # # # # ## # # ### # # ###################### # # --.--- # # # ---.---.- # |....| ---------------- # # +.......| # |....|####-.......<......| ---.---### |........## |.....# |..............| |......# |.......| |>...| |..............| |.....| --------- ------ ---------------- ------- Elenmirie the Lookout St:15 Dx:9 Co:17 In:13 Wi:14 Ch:7 Neutral Dlvl:3 $:97 HP:0(24) Pw:11(11) AC:7 Xp:3/55 T:1433 Latest messages: A jackal suddenly appears next to you! The werejackal just misses! The werejackal changes into a jackal. The jackal strikes at your displaced image and misses you! The jackal bites! The jackal just misses! The werejackal escapes downstairs! The jackal bites! You miss the jackal. The jackal bites! You hear some noises. You kill the jackal! You swap places with Yermak. You hit the wererat! The wererat changes into a human. The wererat strikes at your displaced image and misses you! The wererat changes into a rat. b - an uncursed +1 crossbow (weapon in hand). a - an uncursed +1 dagger (alternate weapon; not wielded). Yermak bites the wererat. The wererat bites Yermak. In what direction? l The crossbow bolt hits the wererat! In what direction? l The crossbow bolt misses the wererat. The wererat bites! The wererat changes into a human. The wererat changes into a rat. The wererat strikes at your displaced image and misses you! In what direction? n You shoot 2 crossbow bolts. The 1st crossbow bolt misses the wererat. The 2nd crossbow bolt misses the wererat. The wererat bites! In what direction? n The crossbow bolt misses the wererat. The wererat bites! You feel feverish. In what direction? n The crossbow bolt hits the wererat! The wererat bites! In what direction? n The crossbow bolt hits the wererat! The wererat bites! You die... Do you want your possessions identified? [ynq] (y) y Do you want to see your attributes? [ynq] (y) y Do you want an account of creatures vanquished? [ynaq] (y) y Do you want to see your conduct and achievements? [ynq] (y) y Do you want to see the dungeon overview? [ynq] (y) y Inventory: Coins $ - 97 gold pieces Weapons c - 45 uncursed +2 crossbow bolts (in quiver pouch) d - 31 uncursed +0 crossbow bolts b - an uncursed +1 crossbow (weapon in hand) a - an uncursed +1 dagger (alternate weapon; not wielded) h - an uncursed +0 orcish dagger Armor o - an uncursed +0 orcish helm (being worn) e - an uncursed burnt +2 cloak of displacement (being worn) Comestibles f - 4 uncursed cram rations Scrolls r - 2 uncursed scrolls of identify Spellbooks s - an uncursed spellbook of healing t - an uncursed spellbook of remove curse Potions k - an uncursed potion of extra healing g - an uncursed potion of gain level Wands j - an uncursed wand of create monster (0:14) Elenmirie the Ranger's attributes: Background: You were a Lookout, a level 3 female gnomish Ranger. You were neutral, on a mission for Venus who was opposed by Mercury (lawful) and Mars (chaotic). You were in the Dungeons of Doom, on level 3. You entered the dungeon 1433 turns ago. There was a full moon in effect when your adventure ended. You had 55 experience points, 25 more were needed to attain level 4. Basics: You had 0 out of 24 hit points. You had all 11 energy points (spell power). Your armor class was 7. Your wallet contained 97 zorkmids. Autopickup was on for '$' plus thrown. Final Characteristics: Your strength was 15 (limit:18/50). Your dexterity was 9 (limit:18). Your constitution was 17 (limit:18). Your intelligence was 13 (limit:19). Your wisdom was 14 (limit:18). Your charisma was 7 (limit:18). Final Status: You were not hungry. You were unencumbered. You were wielding a crossbow. You had basic skill with crossbow. Final Attributes: You were fervently aligned. You were level-drain resistant. You had automatic searching. You had infravision. You were displaced. You were warded. You were a wererat. You were harmed by silver. You were lucky. You are dead. Miscellaneous: You never encountered a bones level. Total elapsed playing time was 6 minutes and 52 seconds. Major events: Turn 1: elenmirie the neutral female gnomish Ranger entered the dungeon 1089: attained the rank of Lookout (level 3) 1329: entered the Gnomish Mines 1433: killed by a wererat Vanquished creatures: an iguana a gas spore a yellow mold 4 geckos 5 jackals a fox a kobold 2 goblins 2 grid bugs 2 lichens a newt 21 creatures vanquished. No species were genocided or became extinct. Voluntary challenges: You were illiterate. You never engraved Elbereth. You never genocided any monsters. You never polymorphed an object. You never changed form. You used no wishes. Achievements: You attained the rank of Lookout. You entered the Gnomish Mines. The Dungeons of Doom: levels 1 to 3 Level 1: An altar to Venus, a fountain. Level 2: Level 3: <- You were here. Many fountains. Stairs down to The Gnomish Mines. Final resting place for you, killed by a wererat. The Gnomish Mines: Level 4: Game over: ---------- / \ / REST \ / IN \ / PEACE \ / \ | elenmirie | | 97 Au | | killed by a | | wererat | | | | | | 2022 | *| * * * | * _________)/\\_//(\/(/\)/\//\/|_)_______ Goodbye elenmirie the Ranger... You died in The Dungeons of Doom on dungeon level 3 with 468 points, and 97 pieces of gold, after 1433 moves. You were level 3 with a maximum of 24 hit points when you died.